 Dungeon Crawl Stone Soup version 0.29-a0-1009-g60c99734e7 (webtiles) character file.

Game seed: 2144129962268352478

51 nickcage the Slasher (level 4, -3/33 HPs)
             Began as a Formicid Gladiator on Aug 8, 2022.
             Slain by Sigmund
             ... wielding a +1 scythe of protection
              (8 damage)
             ... on level 2 of the Dungeon.
             The game lasted 00:02:20 (1205 turns).

nickcage the Slasher (Formicid Gladiator)           Turns: 1205, Time: 00:02:20

Health: -3/33      AC:  6    Str: 20    XL:     4   Next: 7%
Magic:  4/4        EV: 10    Int:  8    God:
Gold:   105        SH:  0    Dex: 15    Spells: 3/3 levels left

rFire   . . .      SeeInvis +   a - +0 long sword
rCold   . . .      Faith    .   (no shield)
rNeg    . . .      Spirit   .   i - +0 scale mail
rPois   .          Reflect  .   (helmet unavailable)
rElec   .          Harm     .   (no cloak)
rCorr   .          Rampage  .   (no gloves)
Will    .....                   (no boots)
Stlth   ..........              (no amulet)
HPRegen 0.11/turn               (no ring)
MPRegen 0.09/turn               (no ring)

@: confused
A: permanent stasis, dig shafts and tunnels, antennae 3, four strong arms
a: Dig, Shaft Self


You were on level 2 of the Dungeon.
You visited 1 branch of the dungeon, and saw 2 of its levels.

You collected 105 gold pieces.

Inventory:

Hand Weapons
 a - a +0 long sword (weapon)
Missiles
 c - 3 throwing nets (quivered)
 d - a javelin
Armour
 b - a +0 leather armour
 i - a +0 scale mail (worn)
Scrolls
 e - a scroll of amnesia {unknown}
 g - a scroll of enchant armour {unknown}
 j - a scroll of magic mapping {unknown}
Potions
 f - 2 potions of lignification {unknown}
 h - 2 potions of curing {unknown}


   Skills:
 - Level 2.1 Fighting
 + Level 4.6 Long Blades
 - Level 2.0 Throwing
 - Level 2.6 Dodging


You had 3 spell levels left.
You didn't know any spells.
Your spell library contained the following spells:

 Spells                   Type           Power      Damage    Failure   Level
 Static Discharge         Conj/Air       0%         3-3/arc   89%         2
 Gell's Gravitas          Tloc           0%         N/A       98%         3
 Teleport Other           Tloc           0%         N/A       98%         3
 Dispel Undead            Necr           0%         3d6       100%        4
 Hailstorm                Conj/Ice       0%         3d3       100%        4
 Ice Form                 Ice/Tmut       0%         N/A       100%        4
 Sticky Flame             Conj/Fire      0%         2d3       100%        4
 Dispersal                Tloc           0%         N/A       100%        6
 Simulacrum               Ice/Necr       0%         N/A       100%        6


Dungeon Overview and Level Annotations

Branches:
Dungeon (2/15)

Altars:

Annotations:
D:2 Sigmund


Innate Abilities, Weirdness & Mutations

You cannot be hasted, slowed, berserked, paralysed or teleported.
You can dig through walls and to a lower floor.
You have a pair of large antennae on your head. (SInv)
Your four strong arms can wield two-handed weapons with a shield.


Message History

A dart slug comes into view.
Sigmund hits you from afar with a +1 scythe of protection.
You barely miss Sigmund. Sigmund casts a spell at you. The magic dart hits you.
A hobgoblin comes into view.
You closely miss Sigmund. Sigmund barely misses you.
You barely miss Sigmund.
Sigmund hits you with a +1 scythe of protection!
You slash Sigmund!
Sigmund is moderately wounded.
Sigmund closely misses you.
You hit Sigmund but do no damage.
Sigmund is moderately wounded.
Sigmund points at you and mumbles some strange words.
You resist with some effort.
You closely miss Sigmund.
Sigmund is moderately wounded.
Sigmund casts a spell.
Sigmund flickers and vanishes for a moment.
You barely miss Sigmund.
Sigmund is moderately wounded.
Sigmund hits you with a +1 scythe of protection.
You hit Sigmund.
Sigmund is moderately wounded.
Sigmund hits you with a +1 scythe of protection.
* * * LOW HITPOINT WARNING * * *
You barely miss Sigmund.
Sigmund is moderately wounded.
The dart slug launches a dart at you.
The slug dart misses Sigmund.
The slug dart hits you.
* * * LOW HITPOINT WARNING * * *
You closely miss Sigmund.
Sigmund is moderately wounded.
Sigmund points at you and mumbles some strange words.
You are confused.
Sigmund zaps a wand.
The bolt of dispelling energy misses you.
Sigmund hits you with a +1 scythe of protection!
You die...

#........'..........# .#
#........####......##
####.# #####....####......+
....
#....)....##.....######..#
#[........##.........##..#
#..........#......##.##..##
#..........#......##+##†...
#..........##..........†...
#.........@##..(...........
##########@##..........#...
gw.#..........#+##
....#............
.....#.............
......#..............
.......#..............
.........


You could see Sigmund (invisible), a dart slug and a hobgoblin.

Vanquished Creatures
  2 adders (D:2)
  A worm (D:2)
  A dart slug (D:2)
  3 ball pythons
  2 endoplasms (D:1)
  A giant cockroach (D:1)
  5 goblins
  A hobgoblin (D:2)
  4 kobolds
  A quokka (D:1)
  2 bats (D:1)
  3 frilled lizards
  5 rats
31 creatures vanquished.

Notes
Turn   | Place    | Note
-------+----------+-------------------------------------------
     0 | D:1      | nickcage the Formicid Gladiator began the quest for the
                  | Orb.
     0 | D:1      | Reached XP level 1. HP: 16/16 MP: 1/1
   179 | D:1      | Reached XP level 2. HP: 20/22 MP: 2/2
   728 | D:1      | Found a faded altar of an unknown god.
   828 | D:2      | Reached skill level 4 in Long Blades
   828 | D:2      | Reached XP level 3. HP: 23/27 MP: 3/3
  1073 | D:2      | Reached XP level 4. HP: 25/33 MP: 4/4
  1185 | D:2      | Noticed Sigmund
  1205 | D:2      | Slain by Sigmund

Illustrated notes

Levels and vault maps discovered:
D:1:      dpeg_arrival_solitude, layout_rooms,
          shapermc_ecumenical_altar_acropolis
D:2:      layout_basic, grunt_ministairs_12, uniq_sigmund

Skill      XL: |  1  2 |
---------------+-------+-----
Long Blades    | 4 |  4.6
Fighting       | |  2.1
Throwing       | |  2.0
Dodging        | |  2.6

Action                   |  1- 3 |  4- 6 || total
-------------------------+-------+-------++-------
Melee: Long sword        |    69 |    11 ||    80
Armor: Leather armour    |     6 |       ||     6
       Scale mail        |    12 |       ||    12
Dodge: Dodged            |    56 |     3 ||    59

Table legend: (Time is in decaauts)
 A = Elapsed time spent in this place.
 B = Non-inter-level travel time spent in this place.
 C = Inter-level travel time spent in this place.
 D = Time resting spent in this place.
 E = Time spent auto-exploring this place.
 F = Levels seen in this place.
 G = Mean time per level.
                   A        B        C        D        E       F      G
               +--------+--------+--------+--------+--------+-----+--------+
         Total |   1223 |   1208 |     15 |    246 |    741 |   2 |  611.5 |
       Dungeon |   1223 |   1208 |     15 |    246 |    741 |   2 |  611.5 |
               +--------+--------+--------+--------+--------+-----+--------+

Top non-repeatable levels by time:
     D:1: 825 daAuts
     D:2: 397 daAuts
